AoeStats
← Hamstring Cramp

Arena

510146765Analyzed
4v4 RM · 3d ago on Sep 29, 2026· 50m 37s· 8 players
Game mode
Random Map
Map size
Large (8 player)
Population
200
Speed
Normal
Resources
Standard
Victory
Conquest
Starting age
Dark Age
Ending age
Imperial Age
RankedLock teamsTeams togetherTeam positionsShared explorationLock speedFull tech treeHidden civsTurbo modeCheats
Victory
Defeat
🇹🇼 Bulgarians · Taiwan
1398
+15
🇩🇪 Spanish · Germany
1397
+16
🇬🇧 Saxons · United Kingdom
1386
+16
🇨🇳 Mongols · China
1377
+16
🇷🇺 Muisca · Russia
1410
-17
🇺🇸 Bohemians · United States
1410
-17
🇷🇺 Danes · Russia
1401
-16
🇺🇸 Khmer · United States
1323
-13
牛比无极限
8:59 Feudal Age
13:32 Castle Age
12:12 Double-Bit Axe
12:09 Horse Collar
20:46 Bow Saw
20:39 Heavy Plow
25:01 Loom
25:51 Wheelbarrow
30:03 Imperial Age
27:49 Hand Cart
27:21 Town Watch
28:41 Ballistics
28:13 Fletching
28:23 Padded Archer Armor
28:19 Gold Mining
28:22 Stone Mining
29:41 Gold Shaft Mining
29:44 Stone Shaft Mining
29:54 Bodkin Arrow
30:15 Leather Archer Armor
31:19 Conscription
30:34 Elite Mangudai
32:37 Bracer
33:39 Chemistry
32:54 Bloodlines
32:44 Husbandry
33:05 Thumb Ring
33:49 Parthian Tactics
33:01 Light Cavalry
33:56 Scale Barding Armor
34:03 Forging
33:42 Hussar
34:49 Chain Barding Armor
35:05 Iron Casting
36:41 Blast Furnace
40:19 Capped Ram
40:20 Onager
42:31 Siege Ram
44:26 Drill
46:38 Caravan
50:48 Coinage
rikardo_latino
2:54 Loom
10:01 Feudal Age
15:17 Castle Age
13:58 Double-Bit Axe
15:27 Town Watch
18:43 Bow Saw
20:17 Wheelbarrow
27:11 Scale Barding Armor
27:17 Forging
27:21 Redemption
31:13 Hand Cart
32:28 Masonry
36:01 Imperial Age
33:47 Padded Archer Armor
34:23 Ballistics
35:10 Leather Archer Armor
36:43 Chain Barding Armor
36:12 Elite Conquistador
37:09 Husbandry
38:53 Chemistry
38:46 Conscription
41:12 Supremacy
41:18 Bloodlines
41:40 Ring Archer Armor
41:20 Capped Ram
42:47 Siege Ram
46:37 Plate Barding Armor
46:37 Iron Casting
45:29 Cavalier
47:16 Paladin
48:02 Stone Mining
48:03 Gold Mining
49:29 Blast Furnace
48:34 Horse Collar
48:30 Light Cavalry
51:02 Bombard Tower
50:13 Hussar
docsparkles
10:20 Feudal Age
14:28 Castle Age
12:56 Double-Bit Axe
12:53 Horse Collar
15:15 Heavy Plow
20:42 Wheelbarrow
22:04 Bow Saw
24:18 Gold Mining
24:20 Stone Mining
27:38 Imperial Age
25:59 Loom
26:33 Hand Cart
26:19 Town Watch
26:09 Crossbowman
27:38 Fletching
27:49 Padded Archer Armor
28:13 Ballistics
28:38 Bodkin Arrow
29:07 Bracer
30:17 Conscription
29:36 Shield Wall
30:47 Scale Mail Armor
31:03 Leather Archer Armor
30:59 Forging
31:11 Pikeman
32:21 Chain Mail Armor
32:37 Ring Archer Armor
32:45 Arbalester
34:03 Iron Casting
33:58 Plate Mail Armor
35:23 Chemistry
34:31 Thumb Ring
34:27 Halberdier
39:17 Hoardings
39:14 Squires
40:35 Onager
41:23 Gambesons
42:46 Arson
43:22 Capped Ram
Gogogo
6:55 Loom
9:58 Feudal Age
13:40 Castle Age
12:01 Double-Bit Axe
12:16 Horse Collar
14:45 Bow Saw
18:10 Town Watch
19:04 Wheelbarrow
22:15 Gold Mining
22:17 Stone Mining
27:45 Imperial Age
25:07 Loom
25:53 Town Patrol
26:22 Hand Cart
26:47 Scale Barding Armor
26:53 Forging
27:16 Heavy Plow
27:48 Chain Barding Armor
27:40 Bloodlines
27:30 Husbandry
27:40 Bloodlines
27:31 Husbandry
28:40 Iron Casting
28:05 Scale Mail Armor
28:40 Iron Casting
28:05 Scale Mail Armor
28:40 Iron Casting
28:05 Scale Mail Armor
28:08 Squires
27:53 Arson
27:53 Gambesons
28:59 Conscription
29:17 Plate Barding Armor
30:05 Blast Furnace
29:37 Elite Konnik
31:25 Masonry
32:17 Chemistry
36:17 Caravan
36:47 Coinage
38:56 Siege Engineers
39:12 Ballistics
39:23 Architecture
40:20 Gold Shaft Mining
42:04 Light Cavalry
Hamstring Cramp
12:27 Feudal Age
15:07 Castle Age
12:52 Horse Collar
13:40 Double-Bit Axe
23:53 Bow Saw
23:33 Loom
23:33 Town Watch
24:35 Wheelbarrow
28:56 Imperial Age
27:55 Ballistics
27:46 Masonry
27:50 Gold Mining
29:35 Light Cavalry
30:16 Husbandry
30:45 Scale Barding Armor
30:50 Forging
30:58 Bloodlines
32:08 Chemistry
31:32 Conscription
31:50 Double Crossbow
32:26 Chain Barding Armor
33:54 Plate Barding Armor
33:54 Iron Casting
33:40 Heavy Scorpion
34:47 Hussar
36:13 Architecture
37:06 Blast Furnace
38:54 Siege Engineers
39:55 Fletching
39:41 Capped Ram
42:46 Gold Shaft Mining
42:23 Bodkin Arrow
42:43 Fortified Wall
43:24 Caravan
SquiddyVonn
10:33 Feudal Age
11:48 Loom
14:28 Castle Age
15:26 Double-Bit Axe
15:24 Horse Collar
23:31 Wheelbarrow
23:14 Bow Saw
24:22 Heavy Plow
24:52 Town Watch
25:23 Hand Cart
26:22 Town Patrol
29:47 Imperial Age
27:53 Padded Archer Armor
28:59 Chemistry
28:21 Ballistics
27:53 Fletching
29:13 Leather Archer Armor
29:46 Bodkin Arrow
30:32 Houfnice
32:39 Masonry
32:27 Murder Holes
33:56 Bracer
34:28 Ring Archer Armor
34:05 Pikeman
34:46 Squires
34:47 Scale Mail Armor
34:58 Forging
36:11 Halberdier
37:08 Chain Mail Armor
39:42 Plate Mail Armor
39:47 Iron Casting
41:26 Architecture
Moonka
10:28 Feudal Age
11:39 Double-Bit Axe
14:29 Castle Age
12:30 Horse Collar
15:23 Bow Saw
15:16 Heavy Plow
20:34 Wheelbarrow
21:41 Hand Cart
22:38 Gold Mining
24:52 Gold Shaft Mining
24:08 Stone Mining
24:55 Loom
25:49 Stone Shaft Mining
27:57 Imperial Age
25:13 Town Watch
25:23 Fletching
25:33 Padded Archer Armor
25:55 Ballistics
25:17 Treadmill Crane
26:04 Bodkin Arrow
27:04 Leather Archer Armor
29:57 Two-Man Saw
29:28 Crop Rotation
28:59 Bracer
30:00 Chemistry
29:05 Siege Engineers
30:09 Scale Mail Armor
30:19 Forging
30:42 Coinage
30:44 Masonry
31:16 Conscription
30:53 Elite Guecha Warrior
32:08 Chain Mail Armor
32:28 Iron Casting
32:06 Thumb Ring
33:29 Plate Mail Armor
34:33 Murder Holes
35:50 Banking
36:34 Guard Tower
39:56 Squires
39:18 Elite Temple Guard
41:23 Huaracas
41:23 Herbalism
41:58 Hoardings
41:00 Pikeman
43:40 Elite Skirmisher
lidyaqu
5:12 Loom
11:21 Feudal Age
13:10 Double-Bit Axe
15:31 Castle Age
14:32 Horse Collar
23:53 Bow Saw
27:14 Squires
30:36 Imperial Age
27:54 Town Watch
28:33 Arson
28:50 Scale Mail Armor
29:01 Forging
29:49 Chain Mail Armor
30:25 Wheelbarrow
29:58 Hamask
31:56 Conscription
32:02 Heavy Plow
31:55 Elite Jomsviking
32:38 Gold Mining
33:25 Stone Mining
34:24 Iron Casting
33:43 Northmen's Fury
34:38 Town Patrol
34:53 Hand Cart
37:26 Plate Mail Armor
37:56 Blast Furnace
40:52 Fletching
41:45 Elite Skirmisher
42:49 Bodkin Arrow
44:26 Bracer
45:00 Padded Archer Armor
48:14 Ballistics
48:54 Chemistry
48:05 Masonry
48:01 Siege Engineers
47:52 Murder Holes
Connection lost

Rejoining the realm…

Still unreachable

The connection could not be restored.

Session expired

The server has moved on; the page needs a fresh start.